 Dungeon Crawl Stone Soup version 0.12.2-13-gffed442 (webtiles) character file.

415 BorisCarlOrff the Chopper (level 6, 0/53 HPs)
             Began as a Hill Orc Berserker on July 31, 2013.
             Was a High Priest of Trog.
             Slain by an orc wizard
             ... wielding a +0,+1 orcish dagger
              (2 damage)
             ... while paralysed by a giant eyeball
             ... on Level 4 of the Dungeon.
             The game lasted 00:14:56 (3551 turns).

BorisCarlOrff the Chopper (Hill Orc Berserker)      Turns: 3551, Time: 00:14:57

HP   0/53        AC 10     Str 22      XL: 6   Next: 14%
MP   5/5         EV  2     Int  7      God: Trog [*****.]
Gold 162         SH  0     Dex 10      Spells:  0 memorised,  5 levels left

Res.Fire  : . . .   See Invis. : .   a - +0 orc hand axe {=f}
Res.Cold  : . . .   Warding    : .   r - +0 splint mail
Life Prot.: . . .   Conserve   : .   (no shield)
Res.Poison: .       Res.Corr.  : .   h - +0 cap
Res.Elec. : .       Clarity    : .   (no cloak)
Sust.Abil.: . .     Spirit.Shd : .   (no gloves)
Res.Mut.  : .       Stasis     : .   l - +0 pair of dwarf boots
Res.Rott. : .       Ctrl.Telep.: .   b - amulet of faith
Saprovore : + . .   Flight     : +   (no ring)
                                     (no ring)

@: paralysed, flying, slightly resistant to hostile enchantments, extremely
unstealthy
A: saprovore 1
a: Burn Spellbooks, Berserk, Trog's Hand, Brothers in Arms, Renounce Religion


You were on level 4 of the Dungeon.
You worshipped Trog.
Trog was extremely pleased with you.
You were completely stuffed.

You visited 1 branch of the dungeon, and saw 4 of its levels.

You collected 188 gold pieces.
You spent 46 gold pieces at shops.

Inventory:

Hand weapons
 a - a +0,+0 orcish hand axe (weapon) {=f}
Armour
 h - a +0 cap (worn)
 l - a +0 pair of dwarven boots (worn)
 r - a +0 splint mail (worn)
Magical devices
 p - a wand of frost (1)
Comestibles
 u - 2 meat rations
Scrolls
 d - a scroll of blinking
 e - 3 scrolls of remove curse
 f - 2 scrolls of identify
 i - 3 scrolls of teleportation {unknown}
 k - 4 scrolls of magic mapping
 m - 7 scrolls of fog
 s - 3 scrolls of curse armour {unknown}
 t - a scroll of enchant weapon I {unknown}
Jewellery
 b - an amulet of faith (around neck)
 w - an uncursed amulet of rage
Potions
 n - a potion of degeneration {unknown}
 o - a potion of paralysis {unknown}
 q - a potion of confusion
 v - a potion of heal wounds {unknown}
 x - a potion of blood {unknown}
 z - a potion of berserk rage {unknown}


   Skills:
 + Level 4.4 Fighting
 + Level 5.6 Axes
 * Level 4.5 Armour
 + Level 2.6 Dodging
 + Level 0.1 Stealth
 + Level 0.2 Traps


You had 5 spell levels left.
You didn't know any spells.

Dungeon Overview and Level Annotations

Branches:
Dungeon (4/27)
 Temple: D:4-7

Altars:
the Shining One

Shops:
D:4: [


Innate Abilities, Weirdness & Mutations

You can tolerate rotten meat.


Message History

Drink which item? (? for menu, Esc to quit)
You feel more buoyant.
The orc priest hits you but does no damage.
The orc priest mumbles some strange prayers to Beogh against you.
Pain shoots through your body!
* * * LOW HITPOINT WARNING * * *
You hear some strange, mumbled words.
The puff of flame hits you!
* * * LOW HITPOINT WARNING * * *
The orc hits you but does no damage.
Drink which item? (? for menu, Esc to quit)
You feel refreshed.
It was a potion of restore abilities.
You feel less confused. The giant eyeball stares at you.
You suddenly lose the ability to move!
The orc priest hits you with an orcish club.
* * * LOW HITPOINT WARNING * * *
It hits you but does no damage. The orc hits you but does no damage.
The orc priest hits you but does no damage.
It hits you.
You die...

..............................##
...............................#
.#.............................
##.....................∩......
##...........................
##........G.................
##....................(......
##............(........#......
#..........^.@........###....#
#...........ooo......## #...
#..........#........## #.
#..........###........#
##.#......## ##.......
##...#..## #...... ####....
...... ..... ..... # ....


You could see a giant eyeball, 2 orc priests and an orc.

Vanquished Creatures
  2 worker ants (D:4)
  A scorpion (D:4)
  6 adders (D:3)
  A giant mite (D:4)
  3 worms
  3 giant geckos
  An ooze (D:3)
  An orc (D:3)
  9 bats
  6 giant cockroaches
  6 goblins
  8 hobgoblins
  8 jackals
  4 quokkas
  8 ball pythons (D:3)
  5 giant newts
  14 kobolds
  10 rats
  A rat skeleton (D:3)
97 creatures vanquished.

Vanquished Creatures (others)
  A giant newt (D:1)
  A rat (D:3)
2 creatures vanquished.

Grand Total: 99 creatures vanquished

Notes
Turn   | Place    | Note
--------------------------------------------------------------
     0 | D:1      | BorisCarlOrff, the Hill Orc Berserker, began the quest for the Orb.
     0 | D:1      | Reached XP level 1. HP: 19/19 MP: 0/0
   109 | D:1      | Reached XP level 2. HP: 24/26 MP: 1/1
   266 | D:1      | Acquired Trog's second power
   477 | D:1      | Reached XP level 3. HP: 31/33 MP: 2/2
  1525 | D:2      | Found a glowing golden altar of the Shining One.
  1766 | D:3      | Reached XP level 4. HP: 38/40 MP: 3/3
  2119 | D:3      | Reached skill level 5 in Axes
  2380 | D:3      | Acquired Trog's third power
  2744 | D:3      | Reached XP level 5. HP: 46/46 MP: 4/4
  3131 | D:4      | Found Baced's Antique Armour Boutique.
  3196 | D:4      | Bought a dyed leather armour for 46 gold pieces
  3311 | D:4      | Reached XP level 6. HP: 27/53 MP: 5/5
  3550 | D:4      | Paralysed by a giant eyeball for 4 turns
  3550 | D:4      | HP: 2/53 [orc priest/orcish club (1)]
  3551 | D:4      | Slain by an orc wizard

Action                   |  1- 3 |  4- 6 || total
-------------------------+-------+-------++-------
Melee: Hand axe          |   156 |   211 ||   367
Evoke: Wand              |     2 |     7 ||     9
  Use: Scroll            |     5 |     1 ||     6
       Potion            |     1 |     8 ||     9
